 Dungeon Crawl Stone Soup version 0.28-a0-657-g71136c5590 (webtiles) character file.

Game seed: 4006613534786654736

1493 lawman0 the Covert (level 8, -3/60 HPs)
             Began as a Gnoll Delver on Oct 13, 2021.
             Was a Priest of Hepliaklqana.
             Slain by an iguana (8 damage)
             ... on level 6 of the Dungeon.
             The game lasted 00:12:39 (6798 turns).

lawman0 the Covert (Gnoll Delver)                   Turns: 6798, Time: 00:12:40

Health: -3/60      AC:  4    Str: 11    XL:     8   Next: 80%
Magic:  13/13      EV: 14    Int: 12    God:    Hepliaklqana [***...]
Gold:   1039       SH:  4    Dex: 14    Spells: 8/14 levels left

rFire   . . .      SeeInvis .   a - +1 mace
rCold   . . .      Faith    .   (no shield)
rNeg    + . .      Spirit   .   z - +0 leather armour
rPois   .          Reflect  .   (no helmet)
rElec   .          Harm     .   (no cloak)
rCorr   .          Rampage  .   (no gloves)
Will    +....      Rage     1%  d - +0 pair of boots
Stlth   ++++......              (no amulet)
HPRegen 0.20/turn               u - ring of positive energy
MPRegen 0.13/turn               y - ring of willpower

@: no status effects
A: reduced essence, fangs 1, strong nose, distributed training, large bone
plates 1, berserk 1, mutation resistance 1
a: Renounce Religion, Recall Ancestor, Ancestor Identity, Transference


You were on level 6 of the Dungeon.
You worshipped Hepliaklqana.
Hepliaklqana was most pleased with you.
You visited 1 branch of the dungeon, and saw 6 of its levels.

You collected 1039 gold pieces.

Inventory:

Hand Weapons
 a - a +1 mace (weapon)
 b - a +0 hunting sling
Missiles
 j - 3 javelins
 r - 8 poisoned darts
 v - 4 boomerangs (quivered)
Armour
 d - a +0 pair of boots (worn)
 z - a +0 leather armour (worn)
Jewellery
 h - a ring of flight
 u - a ring of positive energy (left hand)
 y - a ring of willpower (right hand)
Wands
 g - a wand of digging (3)
Scrolls
 c - 2 scrolls of fog
 e - 4 scrolls of fear
 i - 2 scrolls of teleportation
 n - a scroll of noise {unknown}
 o - 4 scrolls of enchant weapon
 p - a scroll of blinking
 s - a scroll of immolation
 w - a scroll of enchant armour
Potions
 f - a potion of haste
 k - a potion of curing
 l - a potion of magic
 m - 2 potions of might
 q - a potion of ambrosia
 x - a potion of attraction


   Skills:
 + Level 7.5 Fighting
 + Level 3.6 Short Blades
 + Level 3.6 Long Blades
 + Level 3.6 Axes
 + Level 5.9 Maces & Flails
 + Level 3.6 Polearms
 + Level 3.6 Staves
 + Level 3.6 Slings
 + Level 3.6 Bows
 + Level 3.6 Crossbows
 + Level 3.6 Throwing
 + Level 3.6 Armour
 + Level 5.9 Dodging
 + Level 10.2 Stealth
 + Level 3.6 Shields
 + Level 3.6 Unarmed Combat
 + Level 3.6 Spellcasting
 + Level 2.9 Conjurations
 + Level 2.9 Hexes
 + Level 2.9 Summonings
 + Level 2.9 Necromancy
 + Level 2.9 Translocations
 + Level 2.9 Transmutations
 + Level 2.9 Fire Magic
 + Level 2.9 Ice Magic
 + Level 2.9 Air Magic
 + Level 2.9 Earth Magic
 + Level 2.9 Poison Magic
 + Level 4.0 Invocations
 + Level 3.6 Evocations


You had 8 spell levels left.
You knew the following spells:

 Your Spells              Type           Power      Damage    Failure   Level
a - Animate Skeleton      Necr           18%        N/A       9%          1
b - Apportation           Tloc           18%        N/A       9%          1
c - Summon Small Mammal   Summ           36%        N/A       9%          1
d - Vampiric Draining     Necr           4%         2d6       26%         3

Your spell library contained the following spells:

 Spells                   Type           Power      Damage    Failure   Level
 Pain                     Necr           36%        1d5       9%          1


Dungeon Overview and Level Annotations

Branches:
Dungeon (6/15)             Temple (0/1) D:4

Altars:
Dithmenos
Gozag
Hepliaklqana
Kikubaaqudgha
Trog

Annotations:
D:4 3 runed translucent doors, AlleluiaPinecone's ghost, novice VSBr


Innate Abilities, Weirdness & Mutations

Your life essence is reduced to manifest your ancestor. (-10% HP)
You have very sharp teeth.
Your uncanny sense of smell can sniff out nearby items.
Your experience applies equally to all skills.
You are partially covered in large bone plates. (SH +4)
You tend to lose your temper in combat.
You are somewhat resistant to further mutation.


Message History

Throw: 4 boomerangs
Press: ? - help, Q - select action, (/) - cycle Shift-Dir - straight line, f - you Really target yourself?
Okay, then.
Unknown command.
Found 31 stones, a hunting sling and 18 gold pieces.
Found a runed lead wand.
Found a manual of Slings.
An orc comes into view. It is wielding a +0 club.
You see here 31 stones.
Found 21 stones.
The orc shouts!
You hear a roar!
You hear a shout! x2
An iguana and a water moccasin come into view.
Found 25 arrows.
A water moccasin skeleton comes into view.
The orc misses you.
You see here a manual of Slings.
The water moccasin hisses angrily.
You sock the orc!
You kill the orc!
You feel a little less mighty now.
You hear a shout!
You hear an angry hiss.
You are too injured to fight recklessly!
You thump the water moccasin!
The water moccasin is moderately wounded.
An iguana comes into view.
The water moccasin misses you.
You closely miss the water moccasin.
The water moccasin is moderately wounded.
The water moccasin closely misses you. The iguana bites you.
* * * LOW HITPOINT WARNING * * *
The water moccasin barely misses you. The iguana bites you!
* * * LOW HITPOINT WARNING * * *
You hit the water moccasin.
You punch the water moccasin, but do no damage.
The water moccasin is moderately wounded.
The iguana closely misses you.
A kobold comes into view.
It is wielding a +0 dagger and quivering poisoned darts.
The water moccasin misses you. The iguana bites you!
You die...

*,,***,,**,,,,,,,,,*
#,*,,,*,,,,,..,,,,,*
#.*,,***,,,(..,,,,,*
#.#,*,*,*,..K,,,,,,*
****#####*#..##*∆**#..,,,,,,,*
,,.......*#.#.#.*,#.#,,,,,,,,*
,........##.#..#*#K.*,,,,,,,,*
,......)..$.#.#l#l#Z*,,,,,,,,*
,............###@#**,,,,,,,,,*
,./...........#R#S#,*,,**,******
,,.............###..*,***,* *,,*
****#.......(...#..(#,* *,* *,**
##...........#*#..* *,***,* ####
#...##..........##**,*,,,*
...###...##.#####.....,,,,,,*****
##......[......,,......,,,,,,,,,,
####...........,,*####***,,,,,,,,


You could see the friendly Mettia the hexer, a water moccasin (ally target), 2
iguanas and 2 kobolds.

Vanquished Creatures
  Eustachio (D:5)
  Menkaure (D:4)
  A water moccasin (D:6)
  An ogre (D:4)
  A howler monkey (D:3)
  A bullfrog zombie (D:5)
  A bullfrog skeleton (D:5)
  A gnoll shaman (D:4)
  An iguana (D:5)
  An orc wizard (D:5)
  5 gnolls
  3 adders
  An ufetubus (D:5)
  2 adder skeletons (D:4)
  4 worms
  A dart slug (D:4)
  6 orcs
  4 ball pythons
  4 endoplasms
  2 giant cockroaches
  A goblin (D:2)
  7 hobgoblins
  3 jackals
  3 quokkas
  3 bats
  A frilled lizard (D:3)
  A kobold (D:1)
  4 rats
  A bush (D:1)
66 creatures vanquished.

Vanquished Creatures (collateral kills)
  A sky beast (D:6)
  2 ice beasts (D:5)
  A necrophage (D:5)
  A scorpion (D:4)
  A water moccasin zombie (D:6)
  2 jellies
  A gnoll shaman (D:5)
  An iguana (D:5)
  An orc wizard (D:5)
  7 gnolls
  A dart slug (D:1)
  2 worms
  3 orcs
  A ball python (D:4)
  A bat (D:1)
  An endoplasm (D:1)
  2 giant cockroaches
  2 goblins
  3 hobgoblins
  A quokka (D:1)
  2 kobolds (D:2)
  A rat (D:1)
38 creatures vanquished.

Vanquished Creatures (others)
  An ancestor (D:2)
  3 hexers (D:4)
4 creatures vanquished.

Grand Total: 108 creatures vanquished

Notes
Turn   | Place    | Note
-------+----------+-------------------------------------------
     0 | D:5      | Reached skill level 9 in Stealth
     0 | D:5      | lawman0 the Gnoll Delver began the quest for the Orb.
     0 | D:5      | Reached XP level 1. HP: 23/23 MP: 1/1
    10 | D:5      | Found a bloodstained altar of Trog.
    39 | D:5      | Found a hazy altar of Hepliaklqana.
    43 | D:5      | Became a worshipper of Hepliaklqana the Forgotten
    67 | D:5      | Noticed a necrophage
    95 | D:4      | Found a staircase to the Ecumenical Temple.
   227 | D:3      | Noticed a howler monkey
   250 | D:3      | HP: 1/23 [howler monkey (4)]
   254 | D:3      | Killed a howler monkey
   255 | D:3      | Reached skill level 1 in Invocations
   255 | D:3      | Reached XP level 2. HP: 26/29 MP: 1/3
   255 | D:3      | Reached XP level 3. HP: 32/35 MP: 1/4
   456 | D:3      | Found a shadowy altar of Dithmenos.
   464 | D:3      | Reached skill level 1 in Short Blades
   464 | D:3      | Reached skill level 1 in Long Blades
   464 | D:3      | Reached skill level 1 in Axes
   464 | D:3      | Reached skill level 1 in Polearms
   464 | D:3      | Reached skill level 1 in Staves
   464 | D:3      | Reached skill level 1 in Slings
   464 | D:3      | Reached skill level 1 in Bows
   464 | D:3      | Reached skill level 1 in Crossbows
   464 | D:3      | Reached skill level 1 in Throwing
   464 | D:3      | Reached skill level 1 in Armour
   464 | D:3      | Reached skill level 1 in Shields
   464 | D:3      | Reached skill level 1 in Unarmed Combat
   464 | D:3      | Reached skill level 1 in Spellcasting
   464 | D:3      | Reached skill level 1 in Evocations
   534 | D:3      | Reached * piety under Hepliaklqana
   664 | D:3      | Reached XP level 4. HP: 36/36 MP: 5/5
  1239 | D:3      | Found an ancient bone altar of Kikubaaqudgha.
  1422 | D:2      | Found a faded altar of an unknown god.
  1634 | D:2      | Reached skill level 1 in Conjurations
  1634 | D:2      | Reached skill level 1 in Hexes
  1634 | D:2      | Reached skill level 1 in Summonings
  1634 | D:2      | Reached skill level 1 in Necromancy
  1634 | D:2      | Reached skill level 1 in Translocations
  1634 | D:2      | Reached skill level 1 in Transmutations
  1634 | D:2      | Reached skill level 1 in Fire Magic
  1634 | D:2      | Reached skill level 1 in Ice Magic
  1634 | D:2      | Reached skill level 1 in Air Magic
  1634 | D:2      | Reached skill level 1 in Earth Magic
  1634 | D:2      | Reached skill level 1 in Poison Magic
  1738 | D:2      | Learned a level 1 spell: Animate Skeleton
  1740 | D:2      | Learned a level 1 spell: Apportation
  1743 | D:2      | Learned a level 1 spell: Summon Small Mammal
  1993 | D:1      | Reached ** piety under Hepliaklqana
  1994 | D:1      | Remembered your ancestor Mettia as a hexer
  2960 | D:3      | Reached XP level 5. HP: 42/42 MP: 5/7
  3408 | D:4      | HP: 1/42 [gnoll (9)]
  3420 | D:4      | Gained mutation: You tend to lose your temper in combat.
                  | [potion of mutation]
  3420 | D:4      | Gained mutation: You are partially covered in large bone
                  | plates. (SH +4) [potion of mutation]
  3420 | D:4      | Gained mutation: You are somewhat resistant to further
                  | mutation. [potion of mutation]
  3434 | D:4      | Identified a scroll of acquirement
  3439 | D:4      | Noticed Menkaure
  3449 | D:3      | Acquired 730 gold pieces
  3820 | D:4      | Killed Menkaure
  3821 | D:4      | Reached skill level 5 in Maces & Flails
  3821 | D:4      | Reached skill level 5 in Dodging
  3821 | D:4      | Reached XP level 6. HP: 8/47 MP: 7/9
  4113 | D:4      | Learned a level 3 spell: Vampiric Draining
  4174 | D:4      | Found an opulent altar of Gozag.
  4196 | D:4      | Reached *** piety under Hepliaklqana
  4200 | D:4      | Found a runed translucent gate.
  4200 | D:4      | Found a runed translucent gate.
  4200 | D:4      | Found a runed translucent gate.
  4305 | D:4      | Reached XP level 7. HP: 48/53 MP: 8/10
  4683 | D:4      | Noticed AlleluiaPinecone's ghost (novice VSBr)
  4910 | D:5      | Reached skill level 10 in Stealth
  5099 | D:5      | Noticed Eustachio
  5119 | D:5      | Killed Eustachio
  5120 | D:5      | Reached XP level 8. HP: 41/60 MP: 12/12
  6798 | D:6      | Slain by an iguana

Illustrated notes

Levels and vault maps discovered:
D:1:      psy_arrival_basics, layout_rooms, minmay_hedge_maze, minmay_vboxes
D:2:      layout_rooms, ebering_ecumenical_altar_mist
D:3:      layout_basic, mainiacjoe_overflow_24_doors,
          nicolae_kikubaaqudgha_miasma_corner, wad_rectangle_vault
D:4:      layout_loops_ring, grunt_gozag_breadcrumbs,
          minmay_temple_entry_offerings, gammafunk_ghost_icy, minivault_14,
          minmay_mini_jars, uniq_menkaure
D:5:      layout_basic, lightli_temple_of_fire,
          mainiacjoe_overflow_six_doors_small, serial_rivers,
          chequers_serial_rivers_small_b, chequers_serial_rivers_large_b,
          chequers_serial_rivers_marsh, chequers_serial_rivers_room_a,
          chequers_serial_rivers_small_a, kennysheep_generic_room_16,
          uniq_eustachio
D:6:      layout_rooms, serial_shops, nicolae_inconvenience_store,
          minmay_manual_mail

Skill      XL: |  1  2  3  4  5  6  7  8 |
---------------+-------------------------+-----
Stealth        | 10 | 10.2
Invocations    | 1 2 3 4 |  4.0
Short Blades   | 1 2 3 |  3.6
Long Blades    | 1 2 3 |  3.6
Axes           | 1 2 3 |  3.6
Polearms       | 1 2 3 |  3.6
Staves         | 1 2 3 |  3.6
Slings         | 1 2 3 |  3.6
Bows           | 1 2 3 |  3.6
Crossbows      | 1 2 3 |  3.6
Throwing       | 1 2 3 |  3.6
Armour         | 1 2 3 |  3.6
Shields        | 1 2 3 |  3.6
Unarmed Combat | 1 2 3 |  3.6
Spellcasting   | 1 2 3 |  3.6
Evocations     | 1 2 3 |  3.6
Conjurations   | 1 2 |  2.9
Hexes          | 1 2 |  2.9
Summonings     | 1 2 |  2.9
Necromancy     | 1 2 |  2.9
Translocations | 1 2 |  2.9
Transmutations | 1 2 |  2.9
Fire Magic     | 1 2 |  2.9
Ice Magic      | 1 2 |  2.9
Air Magic      | 1 2 |  2.9
Earth Magic    | 1 2 |  2.9
Poison Magic   | 1 2 |  2.9
Maces & Flails | 5 |  5.9
Dodging        | 5 |  5.9
Fighting       | 7 |  7.5

Action                   |  1- 3 |  4- 6 |  7- 9 || total
-------------------------+-------+-------+-------++-------
Melee: Mace              |    50 |   144 |   115 ||   309
       Bite              |     4 |    10 |     6 ||    20
       Punch             |       |     1 |     1 ||     2
Throw: Boomerang         |       |       |    30 ||    30
 Cast: Summon Small Mamm |       |     8 |     3 ||    11
Invok: Ancestor Identity |     1 |       |       ||     1
       Ancestor Life: He |       |     1 |       ||     1
  Use: Scroll            |     2 |     8 |     4 ||    14
       Potion            |     1 |     8 |     2 ||    11
 Stab: Sleeping          |     5 |    10 |     6 ||    21
       Confused          |       |     1 |     4 ||     5
       Distracted        |       |     1 |     2 ||     3
Armor: Leather armour    |     3 |    44 |    31 ||    78
       Skin              |       |     2 |       ||     2
Dodge: Dodged            |    36 |   135 |   108 ||   279
Block: Other             |       |     5 |    20 ||    25

Table legend: (Time is in decaauts)
 A = Elapsed time spent in this place.
 B = Non-inter-level travel time spent in this place.
 C = Inter-level travel time spent in this place.
 D = Time resting spent in this place.
 E = Time spent auto-exploring this place.
 F = Levels seen in this place.
 G = Mean time per level.
                   A        B        C        D        E       F      G
               +--------+--------+--------+--------+--------+-----+--------+
         Total |   6917 |   6533 |    384 |   1069 |   4044 |   6 | 1152.8 |
       Dungeon |   6917 |   6533 |    384 |   1069 |   4044 |   6 | 1152.8 |
               +--------+--------+--------+--------+--------+-----+--------+

Top non-repeatable levels by time:
     D:5: 1878 daAuts
     D:3: 1847 daAuts
     D:4: 1444 daAuts
     D:2: 820 daAuts
     D:1: 790 daAuts
     D:6: 135 daAuts
